 Dungeon Crawl Stone Soup version 0.23.0 (webtiles) character file.

Game seed: 7610044077222965543

7 tidbits the Charmwright (level 2, 23/26 HPs)
             Began as a Gnoll Skald on Feb 14, 2019.
             Quit the game on level 1 of the Dungeon.
             The game lasted 00:01:45 (107 turns).

tidbits the Charmwright (Gnoll Skald)                Turns: 107, Time: 00:01:46

Health: 23/26      AC:  3    Str: 13    XL:     2   Next: 0%
Magic:  7/7        EV: 14    Int: 15    God:
Gold:   13         SH:  0    Dex: 14    Spells: 5/10 levels left

rFire    . . .     SeeInvis .   a - +0 spear
rCold    . . .     Gourm    .   (no shield)
rNeg     . . .     Faith    .   b - +0 leather armour
rPois    .         Spirit   .   (no helmet)
rElec    .         Reflect  .   (no cloak)
rCorr    .         Harm     .   (no gloves)
MR       .....                  (no boots)
Stlth    +.........             (no amulet)
HPRegen  0.08/turn              (no ring)
MPRegen  0.10/turn              (no ring)

@: no status effects
A: distributed training, fangs 1, strong nose
a: no special abilities


You were on level 1 of the Dungeon.
You were not hungry.

You visited 1 branch of the dungeon, and saw 2 of its levels.

You collected 13 gold pieces.

Inventory:

Hand Weapons
 a - a +0 spear (weapon)
 g - a +0 dagger
Missiles
 c - 15 sling bullets
Armour
 b - a +0 leather armour (worn)
Scrolls
 e - a scroll of remove curse {unknown}
 f - a scroll of identify {unknown}
Comestibles
 d - a ration


   Skills:
 + Level 4.4 Fighting
 + Level 0.2 Short Blades
 + Level 0.2 Long Blades
 + Level 0.2 Axes
 + Level 0.2 Maces & Flails
 + Level 4.4 Polearms
 + Level 0.2 Staves
 + Level 0.2 Slings
 + Level 0.2 Bows
 + Level 0.2 Crossbows
 + Level 0.2 Throwing
 + Level 2.4 Armour
 + Level 4.4 Dodging
 + Level 0.2 Stealth
 + Level 0.2 Shields
 + Level 0.2 Unarmed Combat
 + Level 4.9 Spellcasting
 + Level 0.1 Conjurations
 + Level 0.1 Hexes
 + Level 5.3 Charms
 + Level 0.1 Summonings
 + Level 0.1 Necromancy
 + Level 0.1 Translocations
 + Level 0.1 Transmutations
 + Level 0.1 Fire Magic
 + Level 0.1 Ice Magic
 + Level 0.1 Air Magic
 + Level 0.1 Earth Magic
 + Level 0.1 Poison Magic
 + Level 0.3 Invocations
 + Level 0.2 Evocations


You had 5 spell levels left.
You knew the following spells:

 Your Spells              Type           Power        Failure   Level  Hunger
g - Shroud of Golubria    Chrm/Tloc      ##........   11%         2    ##.....
i - Infusion              Chrm           ###.         2%          1    None
y - Song of Slaying       Chrm           ###.....     3%          2    ##.....

Your spell library contained the following spells:

 Spells                   Type           Power        Failure   Level  Hunger
 Regeneration             Chrm/Necr      ##........   21%         3    ###....
 Spectral Weapon          Hex/Chrm       ##......     21%         3    ###....


Dungeon Overview and Level Annotations

Branches:
Dungeon (2/15)

Altars:


Innate Abilities, Weirdness & Mutations

Your experience applies equally to all skills.
You have very sharp teeth.
Your uncanny sense of smell can sniff out nearby items.


Message History

You open the door.
Unknown command.
Found 7 gold pieces, 15 sling bullets and a spear.
There is an open door here.
Unknown command.
You see here 15 sling bullets.
c - 15 sling bullets
Found a scroll labeled XAR SOGOIC.
A jackal comes into view.
Unknown command.
Casting: Infusion (safe; 2% risk of failure)
Confirm with . or Enter, or press ? or * to list all spells.
You begin infusing your attacks with magical energy.
Attack whom?
Press: ? - help, Dir - move target cursor, f - jackal
Aim: a jackal You reach to attack!
You hit the jackal.
The jackal is severely wounded.
You barely miss the jackal.
The jackal is severely wounded.
The jackal barely misses you. The jackal misses you.
You hit the jackal.
You kill the jackal!
You see here a scroll labeled XAR SOGOIC.
e - a scroll labeled XAR SOGOIC
Found an escape hatch in the floor.
A jackal comes into view.
You closely miss the jackal. You bite the jackal, but do no damage.
The jackal misses you.
You hit the jackal!
You kill the jackal!
Unknown command.
A hobgoblin comes into view. It is wielding a +0 club.
Your magical infusion is running out.
There is an escape hatch in the floor here.
Unknown command.
Found a scroll labeled REUSUGROISE.
You are no longer magically infusing your attacks.
A goblin comes into view. It is wielding a +0 dagger.
The goblin shouts!
You hit the goblin.
The goblin is severely wounded.
The goblin hits you with a +0 dagger.
You hit the goblin.
You kill the goblin!
A goblin comes into view. It is wielding a +0 dagger.
The goblin shouts!
The goblin hits you with a +0 dagger.
You see here a scroll labeled REUSUGROISE.
You closely miss the goblin. The goblin barely misses you.
You hit the goblin.
You kill the goblin!
f - a scroll labeled REUSUGROISE
Things that are here:
a +0 dagger; a goblin corpse
g - a +0 dagger
Found 7 gold pieces.
Found a stone staircase leading down.
There is a stone staircase leading down here.
You climb downwards.
Found 5 gold pieces and a scroll labeled REUSUGROISE.
Found a stone staircase leading up and a stone staircase leading down.
There is a stone staircase leading up here.
Found 4 gold pieces.
Unknown command.
There is a stone staircase leading up here.
Unknown command.
You climb upwards.
There is a stone staircase leading down here.
Unknown command.
A goblin comes into view. It is wielding a +0 club.
The goblin shouts!
Unknown command.
Found 13 gold pieces.
You hit the goblin.
You kill the goblin!
You have reached level 2!
Memorise Song of Slaying, consuming 2 spell levels and leaving 7?
You start memorising the spell.
You continue memorising. x2
You finish memorising.
Spell assigned to 'y'.
Memorise Shroud of Golubria, consuming 2 spell levels and leaving 5?
You start memorising the spell.
You continue memorising. x2
You finish memorising.
Spell assigned to 'g'.
You see here 13 gold pieces.
You now have 13 gold pieces.
As you open the door, it creaks loudly!
Unknown command.
There is an open door here.
Unknown command.
Found a dagger.
Found a leather armour.
You see here a dagger.
You open the door.
Unknown command.
Are you sure you want to abandon this character and quit the game? (Confirm with "yes".)
Okay, then.
Unknown command.
Unknown command.
Unknown command.
Are you sure you want to abandon this character and quit the game? (Confirm with "yes".)

♣..[♣♣⌠.⌠♣♣...♣
♣.............♣
♣...♣♣⌠.⌠♣♣...♣
♣♣♣ ♣♣)♣♣ ♣♣♣
♣♣.♣♣ ♣...♣
♣...♣ ♣...♣
♣♣@♣♣ #'# ..#
####


There were no monsters in sight!

Vanquished Creatures
  3 goblins (D:1)
  2 jackals (D:1)
5 creatures vanquished.

Notes
Turn   | Place    | Note
-------+----------+-------------------------------------------
     0 | D:1      | tidbits the Gnoll Skald began the quest for the Orb.
     0 | D:1      | Reached XP level 1. HP: 20/20 MP: 6/6
    73 | D:1      | Reached XP level 2. HP: 21/26 MP: 7/7
    77 | D:1      | Learned a level 2 spell: Song of Slaying
    80 | D:1      | Learned a level 2 spell: Shroud of Golubria
   107 | D:1      | Quit the game

Action                   || total
-------------------------++-------
Melee: Spear             ||    10
       Bite              ||     1
 Cast: Infusion          ||     1
Dodge: Dodged            ||     4

Table legend:
 A = Turns spent in this place as a percentage of turns spent in the entire game.
 B = Non-inter-level travel turns spent in this place as a percentage of non-inter-level travel turns spent in the entire game.
 C = Inter-level travel turns spent in this place as a percentage of turns spent in this place.
 D = Turns resting spent in this place as a percentage of non-inter-level travel turns spent in this place.
 E = Turns spent auto-exploring this place as a percentage of non-inter-level travel turns spent in this place.
 F = Non-inter-level travel turns spent in this place divided by the number of levels of this place that you've seen.
                   A       B       C       D       E      F
               +-------+-------+-------+-------+-------+----------------------
         Total | 100.0 | 100.0 |   0.0 |   0.0 |   0.0 |  53.5
       Dungeon | 100.0 | 100.0 |   0.0 |   0.0 |   0.0 |  53.5
               +-------+-------+-------+-------+-------+----------------------

Table legend:
 A = Kills in this place as a percentage of kills in entire the game.
 B = Kills by you in this place as a percentage of kills by you in the entire game.
 C = Kills by friends in this place as a percentage of kills by friends in the entire game.
 D = Other kills in this place as a percentage of other kills in the entire game.
 E = Experience gained in this place as a percentage of experience gained in the entire game.
 F = Experience gained in this place divided by the number of levels of this place that you have seen.
                   A       B       C       D       E      F
               +-------+-------+-------+-------+-------+----------------------
         Total | 100.0 | 100.0 |   N/A |   N/A | 100.0 |   5.0
       Dungeon | 100.0 | 100.0 |   N/A |   N/A | 100.0 |   5.0
               +-------+-------+-------+-------+-------+----------------------

Levels and vault maps discovered:
D:1:      dpeg_arrival_shelter, layout_loops_cross,
          hangedman_abyss_or_decor_stabs, kennysheep_minor_cross, minivault_11
D:2:      layout_basic, nicolae_overflow_crystal_walls, cheibriados_altar_1
